 Dungeon Crawl Stone Soup version 0.30-b1-6-gad0e9d6a2d (webtiles) character file.

Game seed: 4122091495836861211

1591889 MacCMillion the Hoplite (level 27, 226/226 HPs)
             Began as a Formicid Fighter on May 4, 2023.
             Was the Champion of Okawaru.
             Escaped with the Orb
             ... and 3 runes on May 5, 2023!
             The game lasted 03:02:44 (72551 turns).

MacCMillion the Hoplite (Formicid Fighter)         Turns: 72551, Time: 03:02:45

Health: 226/226    AC: 38    Str: 36    XL:     27
Magic:  25/25      EV: 15    Int: 12    God:    Okawaru [******]
Gold:   5324       SH: 35    Dex: 21    Spells: 26/26 levels left

rFire   + + .        m - +9 broad axe (heavy)
rCold   + + .        b - +10 tower shield "Piegh" {rC- rN++ Will+ SInv}
rNeg    + + +        I - +9 gold dragon scales
rPois   +            (helmet unavailable)
rElec   +            p - scarf of Gravitas {rC+ rF+, Rampage Dex+3}
rCorr   .            G - +1 pair of gloves of Agoraphobia {rN+ Regen+ Str-3}
SInv    +            g - +1 pair of boots "Atulum" {rC+}
Will    +++..        N - amulet of Sowus {rN+ Regen+} Stlth
                     h - ring "Ongilowot" {Wiz rElec Dex+5}
HPRegen 2.17/turn    w - ring of Orreucip {rPois rN+ MP-9 Str+6 Int+2}
MPRegen 0.19/turn

%: rampage, wizardry (x1)
@: studying Staves
A: permanent stasis, dig shafts and tunnels, antennae 3, four strong arms,
inhibited regeneration, inability to read after injury 2
0: Orb of Zot
}: 3/15 runes: decaying, serpentine, silver
a: Dig, Shaft Self, Renounce Religion, Heroism, Finesse, Duel


You escaped.
You worshipped Okawaru.
Okawaru was exalted by your worship.
You visited 10 branches of the dungeon, and saw 48 of its levels.
You visited 2 bazaars.
You also visited: Sewer and Bailey.

You collected 7415 gold pieces.
You spent 2091 gold pieces at shops.

Inventory:

Hand Weapons
 m - a +9 heavy broad axe (weapon)
 q - a +9 executioner's axe of chaos
 Y - a +1 demon whip of venom
Missiles
 n - a silver boomerang
 s - 23 curare-tipped darts
 J - 4 throwing nets
 S - 10 silver javelins
 V - 9 javelins
 Z - 20 boomerangs (quivered)
Armour
 a - the +6 storm dragon scales of Day {rElec rN+ Dex+3}
   (You took it off a tengu warrior on level 10 of the Dungeon)

   Dex:       It affects your dexterity (+3).
   rElec:     It insulates you from electricity.
   rN:        It protects you from negative energy.
 b - the +10 tower shield "Piegh" (worn) {rC- rN++ Will+ SInv}
   (You bought it in a shop in a bazaar)

   rC:        It makes you vulnerable to cold.
   rN:        It greatly protects you from negative energy.
   SInv:      It lets you see invisible.
   Will:      It increases your willpower.
 g - the +1 pair of boots "Atulum" (worn) {rC+}
   (Okawaru gifted it to you on level 5 of the Vaults)

   rC:        It protects you from cold.
 p - the scarf of Gravitas (worn) {rC+ rF+, Rampage Dex+3}
   (Okawaru gifted it to you on level 3 of the Snake Pit)

   Dex:       It affects your dexterity (+3).
   Rampage:   It bestows one free step when moving towards enemies.
 G - the +1 pair of gloves of Agoraphobia (worn) {rN+ Regen+ Str-3}
   (Okawaru gifted it to you on level 11 of the Dungeon)

   Str:       It affects your strength (-3).
   rN:        It protects you from negative energy.
   Regen:     It increases your rate of health regeneration.
 I - +9 gold dragon scales (worn)
 Q - a +2 pair of boots
Jewellery
 c - a ring of protection from cold
 h - the ring "Ongilowot" (left hand) {Wiz rElec Dex+5}
   (You found it on level 5 of the Vaults)

   [ring of wizardry]

   It improves your spell success rate.
   Dex:       It affects your dexterity (+5).
   rElec:     It insulates you from electricity.
 w - the ring of Orreucip (right hand) {rPois rN+ MP-9 Str+6 Int+2}
   (You found it on level 5 of the Vaults)

   [ring of strength]

   Str:       It affects your strength (+6).
   Int:       It affects your intelligence (+2).
   rPois:     It protects you from poison.
   rN:        It protects you from negative energy.
   MP:        It affects your magic capacity (-9).
 y - an amulet of reflection
 H - a +6 ring of strength
 M - the ring "Vudeop" {rN++ Str-3 Dex+6}
   (You found it on level 5 of the Vaults)

   [ring of dexterity]

   Str:       It affects your strength (-3).
   Dex:       It affects your dexterity (+6).
   rN:        It greatly protects you from negative energy.
 N - the amulet of Sowus (around neck) {rN+ Regen+}
   (You found it on level 4 of the Swamp)

   [amulet of regeneration]

   rN:        It protects you from negative energy.
   Regen:     It increases your rate of health regeneration.
 O - a ring of resist corrosion
 U - the ring "Mutish" {rF++ Will+ Int-4 Dex+6 Slay+2}
   (You found it on level 3 of the Elven Halls)

   [ring of dexterity]

   Int:       It affects your intelligence (-4).
   Dex:       It affects your dexterity (+6).
   Slay:      It affects your accuracy & damage with ranged weapons and melee
   (+2).
   rF:        It greatly protects you from fire.
   Will:      It increases your willpower.
 X - the ring "Qidoogaoni" {Will+ Str+4 Int+4 SInv}
   (You found it on level 3 of the Elven Halls)

   [ring of willpower]

   Str:       It affects your strength (+4).
   Int:       It affects your intelligence (+4).
   SInv:      It lets you see invisible.
   Will:      It increases your willpower.
Wands
 B - a wand of acid (21)
 F - a wand of digging (12)
 K - a wand of polymorph (26)
 L - a wand of mindburst (11)
 R - a wand of roots (74)
 W - a wand of paralysis (48)
Scrolls
 e - 4 scrolls of torment
 f - 5 scrolls of silence
 l - a scroll of enchant armour
 u - 10 scrolls of fear
 v - 14 scrolls of fog
 A - 6 scrolls of magic mapping
 C - 13 scrolls of poison
 D - 7 scrolls of vulnerability
 T - 5 scrolls of immolation
Potions
 d - 28 potions of curing
 i - 13 potions of heal wounds
 j - 9 potions of might
 k - 15 potions of mutation
 o - 9 potions of cancellation
 r - 20 potions of resistance
 t - 10 potions of attraction
 x - 12 potions of flight
 z - 3 potions of lignification
 E - 11 potions of invisibility
 P - 5 potions of ambrosia


   Skills:
 + Level 20.6 Fighting
 - Level 22.8 Axes
 - Level 1.2 Staves
 - Level 20.0 Throwing
 + Level 20.6 Armour
 - Level 12.0 Dodging
 + Level 23.8 Shields
 - Level 15.0 Invocations


You had 26 spell levels left.
You didn't know any spells.
Your spell library contained the following spells:

 Spells                   Type           Power      Damage    Failure   Level
 Apportation              Tloc           0%         N/A       67%         1
 Foxfire                  Conj/Fire      0%         2x1d4     67%         1
 Freeze                   Ice            0%         1d3       67%         1
 Kiss of Death            Conj/Necr      0%         2d5       67%         1
 Magic Dart               Conj           0%         1d3       67%         1
 Necrotise                Necr           0%         1d4       67%         1
 Sandblast                Erth           0%         2d4       67%         1
 Cigotuvi's Dreadful Rot  Necr/Pois/Air  0%         N/A       80%         2
 Ensorcelled Hibernation  Hex/Ice        0%         N/A       80%         2
 Passwall                 Tmut/Erth      0%         N/A       80%         2
 Poisonous Vapours        Pois/Air       0%         N/A       80%         2
 Scorch                   Fire           0%         2d5       80%         2
 Sublimation of Blood     Necr           0%         N/A       80%         2
 Wereblood                Tmut           0%         N/A       80%         2
 Confusing Touch          Hex            0%         N/A       95%         3
 Frozen Ramparts          Ice            0%         1d1       95%         3
 Hailstorm                Conj/Ice       0%         3d3       95%         3
 Inner Flame              Hex/Fire       0%         N/A       95%         3
 Mephitic Cloud           Conj/Pois/Air  0%         N/A       95%         3
 Ozocubu's Armour         Ice            0%         N/A       95%         3
 Portal Projectile        Hex/Tloc       0%         N/A       95%         3
 Spider Form              Tmut/Pois      0%         N/A       95%         3
 Stone Arrow              Conj/Erth      0%         3d7       95%         3
 Teleport Other           Tloc           0%         N/A       95%         3
 Volatile Blastmotes      Fire/Tloc      0%         2d10      95%         3
 Anguish                  Hex/Necr       0%         N/A       100%        4
 Dispel Undead            Necr           0%         3d6       100%        4
 Flame Wave               Conj/Fire      0%         2d4       100%        4
 Fulminant Prism          Conj/Hex       0%         3d5       100%        4
 Ice Form                 Ice/Tmut       0%         N/A       100%        4
 Iskenderun's Mystic Bla  Conj/Tloc      0%         2d3       100%        4
 Leda's Liquefaction      Hex/Erth       0%         N/A       100%        4
 Passage of Golubria      Tloc           0%         N/A       100%        4
 Petrify                  Tmut/Erth      0%         N/A       100%        4
 Sticky Flame             Conj/Fire      0%         2d3       100%        4
 Alistair's Intoxication  Tmut/Pois      0%         N/A       100%        5
 Arcjolt                  Conj/Air       0%         1d10      100%        5
 Blade Hands              Tmut           0%         N/A       100%        5
 Borgnjor's Vile Clutch   Necr/Erth      0%         N/A       100%        5
 Fireball                 Conj/Fire      0%         3d3       100%        5
 Freezing Cloud           Conj/Ice/Air   0%         6-21      100%        5
 Irradiate                Conj/Tmut      0%         3d11      100%        5
 Iskenderun's Battlesphe  Conj           0%         2d6       100%        5
 Lee's Rapid Deconstruct  Erth           0%         3d4*      100%        5
 Metabolic Englaciation   Hex/Ice        0%         N/A       100%        5
 Silence                  Hex/Air        0%         N/A       100%        5
 Yara's Violent Unravell  Hex/Tmut       0%         3d3       100%        5
 Conjure Ball Lightning   Conj/Air       0%         3x3d6     100%        6
 Iron Shot                Conj/Erth      0%         9d1       100%        6
 Plasma Beam              Fire/Air       0%         2x1d11    100%        6
 Starburst                Conj/Fire      0%         6d3       100%        6
 Statue Form              Tmut/Erth      0%         N/A       100%        6
 Orb of Destruction       Conj           0%         9d5       100%        7
 Ozocubu's Refrigeration  Ice            0%         4d7       100%        7
 Lehudib's Crystal Spear  Conj/Erth      0%         10d2      100%        8
 Maxwell's Capacitive Co  Air            0%         ∞         100%        8
 Chain Lightning          Conj/Air       0%         N/A       100%        9
 Fire Storm               Conj/Fire      0%         5d1       100%        9
 Shatter                  Erth           0%         3d5*      100%        9
 Summon Small Mammal      Summ           Unusable   N/A       N/A         1
 Call Imp                 Summ           Unusable   N/A       N/A         2
 Call Canine Familiar     Summ           Unusable   N/A       N/A         3
 Swiftness                Air            Unusable   N/A       N/A         3
 Tukima's Dance           Hex            Unusable   N/A       N/A         3
 Vhi's Electric Charge    Tloc/Air       Unusable   N/A       N/A         3
 Animate Armour           Summ/Erth      Unusable   N/A       N/A         4
 Animate Dead             Necr           Unusable   N/A       N/A         4
 Summon Lightning Spire   Summ/Air       Unusable   N/A       N/A         4
 Death Channel            Necr           Unusable   N/A       N/A         6
 Simulacrum               Ice/Necr       Unusable   N/A       N/A         6
 Summon Cactus Giant      Summ           Unusable   N/A       N/A         6
 Summon Hydra             Summ           Unusable   N/A       N/A         7

Dungeon Overview and Level Annotations

Branches:
Dungeon (15/15)            Temple (1/1) D:7            Lair (5/5) D:9
  Swamp (4/4) Lair:3        Snake (4/4) Lair:3        Slime (0/5) Lair:5
    Orc (2/2) D:11            Elf (3/3) Orc:2        Vaults (5/5) D:14
  Crypt (0/3) Vaults:3     Depths (4/4) D:15            Zot (5/5) Depths:4
  Sewer (visited)          Bailey (visited)

Altars:
Cheibriados
Elyvilon
Gozag
Hepliaklqana
Kikubaaqudgha
Makhleb
Nemelex Xobeh
Okawaru
Ru
Sif Muna
Vehumet
Xom
Yredelemnul
Zin
Jiyva

Shops:
D:9 [   Orc:2 [(:[   Elf:2 =:=   Vaults:2 ?   Depths:4 :

Portals:
Hell: Depths:1 Depths:2 Depths:3 Depths:4
Abyss: Depths:1 Depths:3 Depths:4
Pandemonium: Depths:2 Depths:4
Ziggurat: Depths:4

Annotations:
D:10 1 runed translucent door
D:13 3 runed translucent doors, MacCMillion's ghost, journeyman MiFi
Snake:2 3 runed translucent doors, Soawkar's ghost, adept GrFi
Depths:4 exclusion: 3 draconian stormcallers


Innate Abilities, Weirdness & Mutations

You cannot be hasted, slowed, berserked, paralysed or teleported.
You can dig through walls and to a lower floor.
You have a pair of large antennae on your head. (SInv)
Your four strong arms can wield two-handed weapons with a shield.
You do not regenerate when monsters are visible.
You sometimes lose the ability to read scrolls when taking damage.


Message History

There is a stone staircase leading down here.
You see here a +0 hand axe.
You sense a monster nearby.
There are no items here.
An endoplasm comes into view.
The endoplasm quivers.
You slice the endoplasm!!
You kill the endoplasm!
(D) Dungeon (T) Temple (L) Lair (S) Swamp (P) Snake Pit (M) Slime Pits (O) Orcish Mines (E) Elven Halls (V) Vaults (C) Crypt (U) Depths (H) Hell (Z) Zot
Where to? (Enter - D:1, ? - help)
There is a stone staircase leading up here.
You climb upwards.
There is a stone staircase leading down here.
(D) Dungeon (T) Temple (L) Lair (S) Swamp (P) Snake Pit (M) Slime Pits (O) Orcish Mines (E) Elven Halls (V) Vaults (C) Crypt (U) Depths (H) Hell (Z) Zot
Where to? (Enter - D:1, ? - help)
Okay, then.
There is an open door here.
An ice devil comes into view.
The ice devil moves out of view.
You see here 3 stones.
There is an open door here.
You throw a boomerang. The boomerang hits the ice devil!!
The ice devil is heavily wounded.
You throw a boomerang. The boomerang hits the ice devil!!
The ice devil is almost dead.
You throw a boomerang.
The boomerang hits the ice devil but does no damage.
The ice devil is almost dead.
You throw a boomerang. The boomerang hits the ice devil!!!
You kill the ice devil!
Okawaru accepts your kill.
There is an open door here.
There is a staircase leading out of the dungeon here.
You have escaped!

#........# ## #........#
.########### #........#
.#.........# ######## #........#
.#.........###......###........##
.+.........'...#'##...'........>#
{#.........#####.###.##.........#
.#..(......# #P~.♣#..##########.#
.........### #P~@.'.## #.#
...).....# #P~.♣### #.#
.........# ###.# #.# .........#
##'# #.# .........# #..# #.#
.........# #.## #.# ##########
#.# #.# .# ########.### #.. .#
#..........# #.#


There were no monsters in sight!

Vanquished Creatures
  2 ancient liches (Zot:5)
  2 dread liches
  3 orbs of fire (Zot:5)
  8 Killer Klowns (Zot:5)
  Vashnia (Snake:4)
  Xtahua (Vaults:3)
  13 golden dragons
  3 curse toes
  A Tzitzimitl (Depths:1)
  Jory (Depths:2)
  A pandemonium lord (Depths:1)
  2 electric golems
  A Hell Sentinel (Zot:5)
  7 tentacled monstrosities
  3 titans
  A lich (Depths:3)
  Asterion (Depths:2)
  A walking crystal tome (Depths:4)
  24 Orb Guardians
  5 quicksilver dragons
  A walking frostbound tome (Depths:3)
  10 death cobs
  A deep elf master archer (Elf:3)
  2 deep elf blademasters
  5 sphinxes
  An Executioner (Zot:1)
  9 tengu reavers
  Roxanne (Swamp:4)
  4 draconian monks
  8 shadow dragons
  Kirke (Snake:1)
  A revenant (Depths:2)
  7 storm dragons
  11 nagarajas
  8 fire giants
  19 vault wardens
  4 draconian knights
  2 iron dragons
  7 draconian scorchers
  11 deep elf sorcerers
  6 frost giants
  9 draconian stormcallers
  6 deep elf elementalists
  2 ghost moths
  Aizul (Snake:1)
  6 draconian annihilators
  Louise (Elf:3)
  2 ghouls (Swamp:4)
  4 war gargoyles
  2 cacodemons
  12 ironbound preservers
  12 ironbound thunderhulks
  An angel (D:10)
  15 very ugly things
  5 draconian shifters
  A juggernaut skeleton (Depths:2)
  10 green draconians
  The ghost of SushiGirl the Devastator, a journeyman DECj of Vehumet (Elf:3)
  3 eleionomae
  14 stone giants
  3 vampire knights
  6 black draconians
  2 deep elf demonologists (Elf:3)
  8 dire elephants
  Azrael (D:12)
  10 red draconians
  6 deep elf annihilators
  4 bunyips
  8 yellow draconians
  A bunyip (shapeshifter) (Vaults:5)
  13 white draconians
  9 spark wasps
  11 purple draconians
  12 deep elf death magi
  9 ettins
  3 jiangshi (Depths:2)
  4 deep elf high priests (Elf:3)
  An entropy weaver (Vaults:4)
  5 fire dragons
  2 rakshasas
  2 shambling mangroves (Swamp:4)
  6 great orbs of eyes
  9 ice dragons
  2 spriggan zombies (Depths:2)
  20 hydras
  35 vault guards
  9 yaktaur captains
  4 ghost crabs
  5 salamander tyrants
  2 peacekeepers
  4 spriggan air magi
  3 caustic shrike simulacra (Depths:2)
  4 hell beasts
  18 anacondas
  A death knight (D:10)
  3 juggernaut simulacra (Depths:2)
  11 two-headed ogres
  An ogre mage (Vaults:4)
  5 boulder beetles
  Erica (D:11)
  3 catoblepae
  12 ironbound frosthearts
  33 dancing weapons
  9 centaur warriors
  5 tengu warriors
  5 alligators
  A merfolk avatar (Lair:5)
  4 vampire magi (Depths:2)
  An alligator (shapeshifter) (D:14)
  6 death yaks
  19 naga warriors
  5 deep troll earth magi
  3 spriggan berserkers
  5 shock serpents
  A spectral storm dragon (Depths:2)
  14 deep elf knights
  3 deep troll shamans
  19 naga sharpshooters
  3 orc high priests
  Sonja (Lair:2)
  Amaemon (D:7)
  Nergalle (D:11)
  A titan skeleton (Depths:2)
  41 deep trolls
  7 hell knights
  6 salamander mystics
  4 iron trolls
  A skyshark (Lair:5)
  2 sixfirhies
  A cherub (D:7)
  3 shadow wraiths (Depths:2)
  A death drake (Zot:4)
  A goliath frog (Swamp:4)
  A skeletal warrior (D:14)
  A shadow demon (D:13)
  3 spriggan druids
  6 naga ritualists
  A sea snake (Lair:5)
  A flayed ghost (Depths:2)
  16 deep elf archers
  12 lindwurms
  7 bog bodies
  6 glowing orange brains
  13 swamp dragons
  4 necromancers
  6 phantasmal warriors
  17 ironbound convokers
  4 orc knights
  Pikel (D:8)
  A golden dragon skeleton (Depths:2)
  An obsidian statue (Vaults:4)
  5 wizards
  3 orc sorcerers
  25 deep elf zephyrmancers
  2 harpies (Lair:5)
  5 mana vipers
  37 deep elf pyromancers
  37 ugly things
  A tengu skeleton (Depths:1)
  A mana viper (shapeshifter) (D:10)
  4 manticores
  25 salamanders
  A cyclops (shapeshifter) (D:13)
  5 cyclopes
  A will-o-the-wisp (Swamp:1)
  10 elephants
  8 guardian serpents
  21 moths of wrath
  2 eyes of devastation (Depths:4)
  An iron dragon skeleton (Depths:2)
  23 black mambas
  A gargoyle (D:10)
  16 naga magi
  An ice statue (Lair:3)
  19 vault sentinels
  9 cane toads
  Maggie (Lair:2)
  3 centaur skeletons (D:14)
  6 orange demons
  3 hellions
  6 rime drakes
  13 komodo dragons
  Psyche (D:11)
  3 kobold demonologists
  3 tengu conjurers
  18 yaktaurs
  A spark wasp simulacrum (Depths:1)
  2 tormentors
  6 freezing wraiths
  A yaktaur (shapeshifter) (Vaults:4)
  2 efreet
  2 ice devils
  A spriggan skeleton (Depths:1)
  2 golden dragon simulacra (Depths:2)
  A meliai (shapeshifter) (D:10)
  7 tyrant leeches
  9 trolls
  3 polar bears
  A bloated husk (Swamp:2)
  9 hornets
  2 hellwings
  3 meliai (D:15)
  A hornet (shapeshifter) (D:13)
  Prince Ribbit (Bailey)
  7 blink frogs
  A raiju (shapeshifter) (Vaults:5)
  2 snapping turtles (Lair:5)
  14 slime creatures
  An air elemental (Elf:2)
  5 spriggans
  2 ynoxinuls
  3 flying skulls (Depths:2)
  4 shadows
  An ettin skeleton (Depths:1)
  13 wyverns
  3 vampires
  12 water elementals
  A wraith (D:11)
  7 basilisks
  A hog (Snake:1)
  39 yaks
  9 fire elementals
  14 humans
  3 steam dragons
  22 vampire mosquitoes
  10 wargs
  35 nagas
  4 acid dragons
  12 water moccasins
  A human zombie (Depths:2)
  17 swamp worms
  A floating eye (Depths:4)
  A glowing shapeshifter skeleton (Depths:1)
  A hell hound (D:12)
  An ice beast (D:7)
  12 swamp drakes
  5 sky beasts
  A black bear (shapeshifter) (Vaults:5)
  15 orc warriors
  6 black bears
  6 ogres
  17 wolves
  A centaur (shapeshifter) (D:13)
  13 centaurs
  4 lemures (D:8)
  10 kobold brigands
  18 bullfrogs
  3 earth elementals
  2 necrophages (Swamp:4)
  3 gnoll sergeants
  4 scorpions
  A glowing shapeshifter simulacrum (Depths:2)
  A two-headed ogre simulacrum (Lair:3)
  5 wights (D:8)
  3 troll zombies (D:11)
  16 killer bees
  12 howler monkeys
  5 electric eels (D:12)
  A crimson imp (D:10)
  4 jellies
  42 orc priests
  3 gnoll boudas
  A hound (D:7)
  18 orc wizards
  A sleepcap (D:7)
  2 iguanas
  4 hell rats (Lair:5)
  A polar bear simulacrum (Lair:3)
  A spriggan simulacrum (Lair:3)
  A boggart skeleton (D:14)
  A wolf simulacrum (Lair:3)
  5 ogre zombies (D:11)
  28 gnolls
  16 adders
  3 river rats
  A naga simulacrum (Lair:3)
  4 white imps
  An ufetubus (D:4)
  2 worms (D:3)
  A dart slug (D:1)
  101 orcs
  10 ball pythons
  8 endoplasms
  3 giant cockroaches
  4 goblins
  9 hobgoblins
  13 jackals
  6 quokkas
  3 bats
  8 frilled lizards
  6 goblin zombies (D:11)
  3 hobgoblin skeletons (D:11)
  2 hobgoblin zombies (D:11)
  22 kobolds
  2 orc skeletons (D:11)
  12 orc zombies (D:11)
  10 rats
  A fire vortex (Depths:3)
  3 spectral weapons (Depths:2)
2044 creatures vanquished.

Vanquished Creatures (others)
  A hydra (Swamp:2)
  An alligator (Swamp:3)
  2 deep elf knights
  2 goliath frogs
  A wizard (D:10)
  A tengu conjurer (D:14)
  2 bloated husks
  2 vampire mosquitoes (Swamp:1)
  A swamp worm (Swamp:2)
  2 electric eels (D:12)
  2 orcs (Vaults:5)
  4 foxfires (Swamp:1)
  38 fungi
  117 plants
176 creatures vanquished.

Grand Total: 2220 creatures vanquished

Notes
Turn   | Place    | Note
-------+----------+-------------------------------------------
     0 | D:1      | MacCMillion the Formicid Fighter began the quest for the
                  | Orb.
     0 | D:1      | Reached XP level 1. HP: 18/18 MP: 1/1
   180 | D:1      | Reached XP level 2. HP: 24/24 MP: 2/2
   516 | D:1      | Reached XP level 3. HP: 28/29 MP: 3/3
   703 | D:1      | Found a faded altar of an unknown god.
   954 | D:2      | Reached XP level 4. HP: 35/35 MP: 4/4
  1178 | D:3      | Identified the +0 leather armour "Vutrypip" {Will+}
  1490 | D:2      | Reached XP level 5. HP: 32/41 MP: 5/5
  2348 | D:4      | Noticed a black bear
  2356 | D:4      | Killed a black bear
  2357 | D:4      | Reached skill level 5 in Axes
  2357 | D:4      | Reached XP level 6. HP: 40/47 MP: 6/6
  2891 | D:4      | Reached XP level 7. HP: 31/52 MP: 7/7
  3619 | D:5      | Entered Level 5 of the Dungeon
  5256 | D:5      | Reached XP level 8. HP: 20/58 MP: 8/8
  5805 | D:6      | Found a glowing drain.
  5850 | Sewer    | Entered a sewer
  6603 | D:6      | Identified a scroll of acquirement
  6604 | D:6      | Acquired a +0 executioner's axe of freezing
  6630 | D:6      | Reached skill level 10 in Axes
  6766 | D:6      | Reached XP level 9. HP: 48/65 MP: 9/9
  7064 | D:6      | Found a sacrificial altar of Ru.
  7335 | D:7      | Reached skill level 5 in Fighting
  7377 | D:7      | Found a staircase to the Ecumenical Temple.
  7387 | Temple   | Entered the Ecumenical Temple
  7414 | Temple   | Became a worshipper of Warmaster Okawaru
  8144 | D:7      | Reached * piety under Okawaru
  8308 | D:7      | Reached XP level 10. HP: 42/79 MP: 10/10
  8472 | D:7      | Reached ** piety under Okawaru
  9248 | D:8      | Noticed a centaur warrior
  9263 | D:8      | Killed a centaur warrior
  9264 | D:8      | Reached skill level 5 in Armour
  9381 | D:8      | Found a runed translucent door.
  9385 | D:8      | Found a basalt altar of Yredelemnul.
  9396 | D:8      | Found a flagged portal.
  9404 | D:8      | Noticed Amaemon
  9407 | Bailey   | Entered a bailey
  9449 | Bailey   | Reached *** piety under Okawaru
  9755 | Bailey   | Reached XP level 11. HP: 62/89 MP: 11/11
 10157 | Bailey   | Noticed Prince Ribbit
 10157 | Bailey   | Noticed a vault guard
 10173 | Bailey   | Killed Prince Ribbit
 10211 | Bailey   | Killed a vault guard
 10211 | Bailey   | Reached **** piety under Okawaru
 10212 | Bailey   | Reached skill level 10 in Fighting
 10306 | Bailey   | Noticed a vault guard
 10325 | Bailey   | Killed a vault guard
 10326 | Bailey   | Reached skill level 1 in Invocations
 10532 | D:7      | HP: 4/91 [Amaemon/+1 demon whip of venom (15)]
 10538 | D:7      | Killed Amaemon
 10836 | D:8      | Reached ***** piety under Okawaru
 10883 | D:8      | Identified the +9 shortbow "Poixtin" {flame, rF- rN+++
                  | Will- Dex+2}
 11027 | D:8      | Noticed Pikel
 11062 | D:8      | Killed Pikel
 11197 | D:8      | Found a white marble altar of Elyvilon.
 11335 | D:8      | Identified the +0 robe of Ontihiom {rF- rC+++ Str+3 Int+2}
 11715 | D:9      | Found a staircase to the Lair.
 12331 | D:9      | Reached XP level 12. HP: 98/99 MP: 15/15
 12351 | D:8      | Reached skill level 5 in Invocations
 12525 | D:9      | Found Palob's Armour Shop.
 12567 | D:9      | Identified the +9 hand crossbow "Wegiuluuph" {drain, Str+3
                  | Dex+2 Stlth+} (Okawaru gifted it to you on level 9 of the
                  | Dungeon)
 12567 | D:9      | Received a gift from Okawaru
 12706 | D:9      | Found a glowing silver altar of Zin.
 12990 | D:10     | Entered Level 10 of the Dungeon
 13645 | D:10     | Found a runed translucent door.
 13646 | D:10     | Found a runed translucent door.
 13647 | D:10     | Found a runed translucent door.
 13647 | D:10     | Noticed a two-headed ogre
 13649 | D:10     | Noticed a two-headed ogre
 14161 | Lair:1   | Entered Level 1 of the Lair of Beasts
 15026 | Lair:1   | Identified the +3 flail "Apeem" {freeze, rC+ Int+3 Dex+2}
 15091 | Lair:1   | Identified the +1 leather armour of Mequjid {Will+}
 15967 | Lair:1   | Noticed an ice dragon
 15999 | Lair:1   | Killed an ice dragon
 16087 | Lair:1   | Reached XP level 13. HP: 102/108 MP: 18/18
 16126 | Lair:1   | Identified the +5 chain mail "Foleith" {rC++}
 16127 | Lair:1   | Identified the amulet of Disaster {Reflect Harm rElec rC-
                  | Str+5 SH+5}
 16361 | Lair:2   | Identified the +0 ring mail of Spring {rElec rC- rN+ Will+}
                  | (Okawaru gifted it to you on level 2 of the Lair of Beasts)
 16361 | Lair:2   | Received a gift from Okawaru
 16371 | Lair:2   | Reached skill level 10 in Armour
 16654 | Lair:2   | Noticed Maggie
 16659 | Lair:2   | Killed Maggie
 16910 | Lair:2   | Noticed a six-headed hydra
 17088 | Lair:2   | Noticed Sonja
 17102 | Lair:2   | Killed Sonja
 17772 | Lair:2   | Killed a six-headed hydra
 18234 | Lair:3   | Found a staircase to the Snake Pit.
 18434 | Lair:3   | Noticed a six-headed hydra
 18445 | Lair:3   | Killed a six-headed hydra
 18446 | Lair:3   | Reached skill level 1 in Dodging
 18772 | Lair:3   | Noticed an eight-headed hydra
 18795 | Lair:3   | Killed an eight-headed hydra
 19590 | Lair:3   | Reached skill level 15 in Axes
 19931 | Lair:3   | Found a staircase to the Swamp.
 20427 | Lair:4   | Identified the +0 ring mail of Wepoa {rElec rF- Int+2
                  | Dex+8}
 20660 | Lair:4   | Reached skill level 1 in Throwing
 20768 | Lair:4   | Received a gift from Okawaru
 21230 | Lair:4   | Reached XP level 14. HP: 76/118 MP: 21/21
 21731 | Lair:5   | Entered Level 5 of the Lair of Beasts
 22488 | Lair:5   | Reached skill level 10 in Invocations
 23643 | D:10     | Received a gift from Okawaru
 24233 | D:10     | Identified the +6 storm dragon scales of Day {rElec rN+
                  | Dex+3}
 24663 | D:11     | Identified the +0 scale mail of the Fife {Str+2}
 24826 | D:11     | You fall into a shaft and drop 2 floors!
 24838 | D:13     | Reached skill level 1 in Staves
 24942 | D:12     | Reached skill level 5 in Shields
 25121 | D:12     | Noticed Azrael
 25417 | D:13     | Reached skill level 6 in Shields
 25894 | D:11     | Reached skill level 7 in Shields
 26090 | D:11     | Found a staircase to the Orcish Mines.
 26090 | D:11     | Noticed Nergalle
 26099 | D:11     | Reached XP level 15. HP: 125/125 MP: 22/22
 26102 | D:11     | Killed Nergalle
 26102 | D:11     | Reached ****** piety under Okawaru
 26103 | D:11     | Reached skill level 8 in Shields
 26130 | D:11     | Identified the +1 pair of gloves of Agoraphobia {rN+ Regen+
                  | Str-3} (Okawaru gifted it to you on level 11 of the
                  | Dungeon)
 26130 | D:11     | Received a gift from Okawaru
 26160 | Orc:1    | Entered Level 1 of the Orcish Mines
 26533 | Orc:2    | Entered Level 2 of the Orcish Mines
 26543 | Orc:2    | Reached skill level 9 in Shields
 26849 | Orc:2    | Reached skill level 10 in Shields
 27045 | Orc:2    | Found a staircase to the Elven Halls.
 27098 | Orc:2    | Found Qamejapo's Armour Boutique.
 27098 | Orc:2    | Found Tasuak's Book Shoppe.
 27250 | Orc:2    | Found Ximnol's Weapon Boutique.
 27250 | Orc:2    | Found Huxkiete's Antique Armour Shoppe.
 27264 | Orc:2    | Reached skill level 5 in Dodging
 28307 | Lair:5   | Found a viscous altar of Jiyva.
 28310 | Lair:5   | Found a staircase to the Slime Pits.
 28604 | Lair:5   | Reached skill level 5 in Throwing
 28630 | Lair:5   | Identified the +11 trident of Eternal Harmony {vamp, Str+7
                  | Int-4}
 29344 | D:12     | Killed Azrael
 29445 | D:12     | Reached skill level 11 in Shields
 29695 | D:12     | Received a gift from Okawaru
 30462 | D:13     | Found a runed translucent gate.
 30463 | D:13     | Found a runed translucent gate.
 30464 | D:13     | Found a runed translucent gate.
 30962 | D:13     | Found the +2 pair of slick slippers {slick, slippery, EV+4}
 31337 | D:14     | Found a radiant altar of Vehumet.
 31454 | D:14     | Reached XP level 16. HP: 114/134 MP: 23/23
 31489 | D:14     | Received a gift from Okawaru
 32054 | D:14     | Found a gate to the Vaults.
 32333 | D:15     | Entered Level 15 of the Dungeon
 32646 | D:15     | Reached skill level 12 in Shields
 32789 | D:15     | Found a staircase to the Depths.
 33132 | Snake:1  | Entered Level 1 of the Snake Pit
 33141 | Snake:1  | Noticed Aizul
 33149 | Snake:1  | Killed Aizul
 33425 | Snake:1  | Identified the staff of poison "Cups" {rPois SInv Stlth+}
 33473 | Snake:1  | Reached skill level 15 in Fighting
 33563 | Snake:1  | Got the Compilation of the Tempest
 33819 | Snake:1  | Noticed Kirke
 33823 | Snake:1  | Killed Kirke
 33840 | Snake:1  | Identified the +5 broad axe of Okawaru's Castigation
                  | {chaos, rC+ rCorr} (Okawaru gifted it to you on level 1 of
                  | the Snake Pit)
 33840 | Snake:1  | Received a gift from Okawaru
 34486 | Snake:2  | Noticed a nagaraja
 34788 | Snake:2  | Noticed a nagaraja
 34794 | Snake:2  | Killed a nagaraja
 34795 | Snake:2  | Reached XP level 17. HP: 66/142 MP: 13/24
 34959 | Snake:1  | Received a gift from Okawaru
 34989 | Snake:2  | Reached skill level 13 in Shields
 35137 | Snake:2  | Found a radiant altar of Vehumet.
 35414 | Snake:2  | Found a runed translucent gate.
 35414 | Snake:2  | Found a runed translucent gate.
 35414 | Snake:2  | Found a runed translucent gate.
 35415 | Snake:2  | Noticed Soawkar's ghost (adept GrFi)
 35625 | Snake:3  | Identified the scarf of Gravitas {rC+ rF+, Rampage Dex+3}
                  | (Okawaru gifted it to you on level 3 of the Snake Pit)
 35625 | Snake:3  | Received a gift from Okawaru
 35860 | Snake:3  | Identified the +5 plate armour "Oqotipet" {rPois rN+++
                  | Str-4 Int-2}
 38561 | Snake:4  | Entered Level 4 of the Snake Pit
 38727 | Snake:4  | Reached skill level 14 in Shields
 39074 | Snake:4  | Reached XP level 18. HP: 149/149 MP: 25/25
 39121 | Snake:4  | Received a gift from Okawaru
 39176 | Snake:4  | Noticed Vashnia
 39323 | Snake:4  | Killed Vashnia
 39383 | Snake:4  | Reached skill level 15 in Shields
 39398 | Snake:4  | Received a gift from Okawaru
 39646 | Snake:4  | Received a gift from Okawaru
 39675 | Snake:4  | Reached skill level 15 in Armour
 39692 | Snake:4  | Identified the +2 scale mail of Calculation {rElec rF+++
                  | Dex-4 Stlth-} (Okawaru gifted it to you on level 4 of the
                  | Snake Pit)
 39692 | Snake:4  | Received a gift from Okawaru
 39772 | Snake:4  | Got a serpentine rune of Zot
 40223 | Swamp:1  | Entered Level 1 of the Swamp
 41279 | Swamp:2  | Reached XP level 19. HP: 97/155 MP: 28/28
 41733 | Swamp:2  | Identified the +3 arbalest "Zus Zuoc" {freeze, *Slow rC++
                  | Str+2 Stlth+}
 42363 | Swamp:3  | Noticed a tentacled monstrosity
 42388 | Swamp:3  | Killed a tentacled monstrosity
 42674 | Swamp:4  | Entered Level 4 of the Swamp
 42693 | Swamp:4  | Identified the amulet of Sowus {rN+ Regen+}
 42778 | Swamp:4  | Received a gift from Okawaru
 42817 | Arena    | Entered the Arena
 43272 | Swamp:4  | Noticed Roxanne
 43284 | Swamp:4  | Killed Roxanne
 43426 | Swamp:4  | Received a gift from Okawaru
 43542 | Swamp:4  | Got a decaying rune of Zot
 43798 | Swamp:4  | Upgraded the game from 0.30-b1-5-g8e6c1be481 to
                  | 0.30-b1-6-gad0e9d6a2d
 44049 | Vaults:1 | Entered Level 1 of the Vaults
 44420 | Vaults:1 | Received a gift from Okawaru
 44579 | Vaults:1 | Identified the ring "Coplodd" {Fire Str+3}
 44667 | Vaults:1 | Received a gift from Okawaru
 44678 | Vaults:1 | Reached XP level 20. HP: 141/163 MP: 29/29
 46769 | Vaults:2 | Found Ijanel's Magic Scroll Shop.
 46782 | Vaults:2 | Bought a scroll of brand weapon for 199 gold pieces
 47557 | Vaults:3 | Received a gift from Okawaru
 47630 | Vaults:3 | Found a flickering gateway to a bazaar.
 47658 | Bazaar   | Entered a bazaar
 47659 | Bazaar   | Found Wivvitt's Antique Armour Emporium.
 47667 | Bazaar   | Bought a brightly glowing tower shield for 247 gold pieces
 47667 | Bazaar   | Identified the +10 tower shield "Piegh" {rC- rN++ Will+
                  | SInv} (You bought it in a shop in a bazaar)
 47667 | Bazaar   | Bought a pair of glowing gloves for 195 gold pieces
 47667 | Bazaar   | Bought a glowing cloak for 195 gold pieces
 47667 | Bazaar   | Found Ycedwioh's Distillery.
 47676 | Bazaar   | Found Zesaoqen's Book Emporium.
 47703 | Bazaar   | Found Qugoixys's Antique Armour Shoppe.
 47754 | Bazaar   | Bought a potion of cancellation for 80 gold pieces
 47872 | Vaults:3 | Acquired 1101 gold pieces
 48040 | Vaults:3 | HP: 1/168 [tengu reaver/bolt of cold (19)]
 48045 | Vaults:3 | HP: 5/168 [ironbound thunderhulk/bolt of lightning (22)]
 48239 | Vaults:3 | Noticed Xtahua
 48243 | Vaults:3 | Killed Xtahua
 48329 | Vaults:3 | Reached skill level 10 in Throwing
 48542 | Vaults:3 | Received a gift from Okawaru
 48797 | Vaults:3 | Found a staircase to the Crypt.
 48797 | Vaults:3 | Found an ancient bone altar of Kikubaaqudgha.
 48797 | Vaults:3 | Found a basalt altar of Yredelemnul.
 48841 | Vaults:3 | Reached XP level 21. HP: 167/175 MP: 30/30
 48843 | Vaults:3 | Reached skill level 16 in Shields
 49491 | Vaults:4 | Reached skill level 17 in Shields
 49523 | Vaults:4 | Received a gift from Okawaru
 49806 | Vaults:4 | Reached skill level 18 in Shields
 50479 | Vaults:4 | Found a gateway to a bazaar.
 50499 | Bazaar   | Entered a bazaar
 50501 | Bazaar   | Found Bosteocs's Antique Armour Boutique.
 50505 | Bazaar   | Found Poemink's Jewellery Boutique.
 50505 | Bazaar   | Found Dewuggot's Book Boutique.
 50506 | Bazaar   | Found Epsoq's Armour Boutique.
 50539 | Bazaar   | Bought a topaz-encrusted plate armour for 756 gold pieces
 50539 | Bazaar   | Identified the +1 plate armour of Hysteria {rF+ Dex+4} (You
                  | bought it in a shop in a bazaar)
 50550 | Bazaar   | Bought the ring of Oenomania {rElec rPois Str-5 Dex+3
                  | Slay+4} for 419 gold pieces
 50898 | Elf:1    | Entered Level 1 of the Elven Halls
 51028 | Elf:1    | Received a gift from Okawaru
 51029 | Elf:1    | Reached skill level 19 in Shields
 51249 | Elf:1    | Received a gift from Okawaru
 51321 | Elf:1    | Received a gift from Okawaru
 51324 | Elf:1    | Reached skill level 20 in Shields
 52330 | Elf:2    | Found Maplorag's Jewellery Boutique.
 52330 | Elf:2    | Found Qaybreta's Book Emporium.
 52332 | Elf:2    | Found Keliarim's Jewellery Boutique.
 52431 | Elf:2    | Reached XP level 22. HP: 183/183 MP: 31/31
 52543 | Elf:2    | Found a runed translucent gate.
 52543 | Elf:2    | Found a runed translucent gate.
 52543 | Elf:2    | Found a runed translucent gate.
 53074 | Elf:2    | Received a gift from Okawaru
 53422 | Elf:3    | Entered Level 3 of the Elven Halls
 53594 | Elf:3    | Noticed SushiGirl's ghost (journeyman DECj)
 53606 | Elf:3    | Found a runed translucent gate.
 53606 | Elf:3    | Found a runed translucent gate.
 53606 | Elf:3    | Found a runed translucent gate.
 53818 | Elf:3    | Noticed Louise
 53828 | Elf:3    | Killed Louise
 53828 | Elf:3    | Received a gift from Okawaru
 54535 | Elf:3    | Identified the +4 steam dragon scales "Eleblir" {rElec}
 54897 | Elf:3    | Identified the +7 rapier of Evisceration {heavy, Str+3
                  | Dex+5}
 55084 | Elf:3    | Identified the +1 glaive "Apniasae" {heavy, *Rage Fragile
                  | rElec Int+5}
 55224 | Elf:3    | Identified the ring "Laluv" {Fire Slay+3}
 55264 | Elf:3    | Identified the amulet of Gin and Tonic {Acrobat rN+ Slay+5}
 55689 | Elf:3    | Identified the staff of cold "Wopp" {rC+ Int+4}
 55770 | Elf:3    | Got the Excursus on the Excruciating Bane
 55846 | Elf:3    | Killed SushiGirl's ghost
 55875 | Elf:3    | Identified the ring "Mutish" {rF++ Will+ Int-4 Dex+6
                  | Slay+2}
 55878 | Elf:3    | Identified the ring "Qidoogaoni" {Will+ Str+4 Int+4 SInv}
 56189 | D:11     | Noticed Psyche
 56194 | D:11     | Killed Psyche
 56335 | D:11     | Noticed Erica
 56342 | D:11     | Killed Erica
 56652 | D:13     | Found a runed translucent gate.
 56652 | D:13     | Found a runed translucent gate.
 56663 | D:13     | Noticed MacCMillion's ghost (journeyman MiFi)
 56663 | D:13     | Found a runed translucent gate.
 56758 | Depths:1 | Entered Level 1 of the Depths
 56758 | Depths:1 | Found a gateway to Hell.
 56912 | Depths:1 | Reached XP level 23. HP: 190/190 MP: 33/33
 56979 | Depths:1 | Received a gift from Okawaru
 57093 | Depths:1 | Identified the +2 robe of Noughts and Crosses {rElec Will+
                  | Str+3 Dex+4}
 57164 | Depths:1 | Found a one-way gate to the infinite horrors of the Abyss.
 57262 | Depths:1 | Reached skill level 21 in Shields
 57264 | Depths:1 | Found a shimmering blue altar of Sif Muna.
 57433 | Depths:2 | Identified the +0 war axe of the Shining Light {chaos, rC-
                  | Str+6 Int+3} (Okawaru gifted it to you on level 2 of the
                  | Depths)
 57433 | Depths:2 | Received a gift from Okawaru
 57790 | Depths:2 | Noticed Jory
 57826 | Depths:2 | Killed Jory
 57826 | Depths:2 | Identified the +5 ring mail "Veixuula" {Int+3} (Okawaru
                  | gifted it to you on level 2 of the Depths)
 57826 | Depths:2 | Received a gift from Okawaru
 57840 | Depths:2 | Found a basalt altar of Yredelemnul.
 57946 | Depths:2 | Found a one-way gate leading to the halls of Pandemonium.
 58030 | Depths:2 | Reached skill level 10 in Dodging
 58169 | Depths:2 | Noticed Asterion
 58183 | Depths:2 | Killed Asterion
 58609 | Depths:3 | Reached skill level 15 in Invocations
 58798 | Depths:3 | Reached XP level 24. HP: 200/200 MP: 34/34
 58919 | Depths:3 | Found a glowing silver altar of Zin.
 59184 | Depths:3 | Noticed a golden dragon
 59185 | Depths:3 | Noticed a golden dragon
 59202 | Depths:3 | Killed a golden dragon
 59222 | Depths:3 | Killed a golden dragon
 59466 | Depths:3 | Got the Spellbook of Mud and Coordinates
 59576 | Depths:4 | Entered Level 4 of the Depths
 59586 | Depths:4 | Identified the +6 war axe "Testudineslayer" {holy, rN+}
                  | (Okawaru gifted it to you on level 4 of the Depths)
 59586 | Depths:4 | Received a gift from Okawaru
 59617 | Depths:4 | Found Inluodgh's Book Emporium.
 59740 | Depths:4 | Found a one-way gateway to a ziggurat.
 60460 | Depths:4 | Noticed a golden dragon
 60513 | Depths:4 | Killed a golden dragon
 60576 | Depths:4 | Found a gate to the Realm of Zot.
 61805 | Vaults:5 | Entered Level 5 of the Vaults
 61809 | Vaults:5 | Identified the +1 pair of boots "Atulum" {rC+} (Okawaru
                  | gifted it to you on level 5 of the Vaults)
 61809 | Vaults:5 | Received a gift from Okawaru
 62004 | Vaults:5 | Noticed a dread lich
 62007 | Vaults:5 | Reached skill level 15 in Throwing
 62008 | Vaults:5 | Reached skill level 22 in Shields
 62050 | Vaults:4 | Reached XP level 25. HP: 206/208 MP: 34/34
 62053 | Vaults:4 | Killed a dread lich
 62539 | Vaults:5 | Received a gift from Okawaru
 62621 | Vaults:5 | Identified the amulet of Avoot {RegenMP Fly Str+3}
 62699 | Vaults:5 | Identified the +0 robe "Zisityg" {SInv Stlth+}
 62736 | Vaults:5 | Identified the staff of conjuration "Xahyhaor" {Contam
                  | +Blink rF+ rC++}
 62737 | Vaults:5 | Identified the ring "Vudeop" {rN++ Str-3 Dex+6}
 62782 | Vaults:5 | Identified the ring of Orreucip {rPois rN+ MP-9 Str+6
                  | Int+2}
 62935 | Vaults:5 | Identified the ring of Elyvilon's Pride {rPois rN+ Int+3}
 62946 | Vaults:5 | Identified the ring "Ongilowot" {Wiz rElec Dex+5}
 63160 | Vaults:5 | Identified the +2 spear of Responsibility {antimagic, rN+
                  | Str+2}
 63562 | Vaults:5 | Received a gift from Okawaru
 63794 | Vaults:5 | Got a silver rune of Zot
 64154 | Zot:1    | Entered Level 1 of the Realm of Zot
 65219 | Zot:1    | Received a gift from Okawaru
 66039 | Zot:1    | Received a gift from Okawaru
 66054 | Zot:1    | Reached XP level 26. HP: 112/218 MP: 24/34
 66067 | Zot:1    | Reached skill level 23 in Shields
 66243 | Zot:1    | Identified the +1 arbalest of Supply {heavy, +Blink}
 66534 | Zot:2    | Received a gift from Okawaru
 66535 | Zot:2    | Noticed a curse toe
 66672 | Zot:2    | Killed a curse toe
 68112 | Zot:2    | Received a gift from Okawaru
 68438 | Zot:2    | Identified the +4 broad axe of the Shining Light {heavy,
                  | *Slow rElec rN+ Int+3} (Okawaru gifted it to you on level 2
                  | of the Realm of Zot)
 68438 | Zot:2    | Received a gift from Okawaru
 69519 | Zot:4    | Noticed a curse toe
 69640 | Zot:4    | Killed a curse toe
 69966 | Zot:4    | Received a gift from Okawaru
 70045 | Zot:5    | Entered Level 5 of the Realm of Zot
 70516 | Zot:4    | Identified the +0 scale mail of Prudence {Int+3} (Okawaru
                  | gifted it to you on level 4 of the Realm of Zot)
 70516 | Zot:4    | Received a gift from Okawaru
 71248 | Zot:5    | Reached XP level 27. HP: 217/224 MP: 25/34
 71283 | Zot:5    | Noticed an ancient lich
 71298 | Zot:5    | Killed an ancient lich
 71424 | Zot:5    | Noticed a Killer Klown
 71436 | Zot:5    | Killed a Killer Klown
 71447 | Zot:5    | Noticed an ancient lich
 71448 | Zot:5    | Noticed an orb of fire
 71451 | Zot:5    | Noticed a Killer Klown
 71453 | Zot:5    | Killed an orb of fire
 71453 | Zot:5    | Noticed a dread lich
 71454 | Zot:5    | Noticed an orb of fire
 71454 | Zot:5    | Noticed a Killer Klown
 71457 | Zot:5    | Noticed an orb of fire
 71462 | Zot:5    | Killed an orb of fire
 71464 | Zot:5    | Killed an ancient lich
 71467 | Zot:5    | Noticed a Killer Klown
 71472 | Zot:5    | Killed a dread lich
 71472 | Zot:5    | Noticed a Killer Klown
 71472 | Zot:5    | Gained mutation: You occasionally lose the ability to read
                  | scrolls when taking damage. [an orb of fire]
 71474 | Zot:5    | Noticed a Killer Klown
 71479 | Zot:5    | Killed an orb of fire
 71479 | Zot:5    | Killed a Killer Klown
 71479 | Zot:5    | Identified the +1 ring mail of the Vacuum {rC+} (Okawaru
                  | gifted it to you on level 5 of the Realm of Zot)
 71479 | Zot:5    | Received a gift from Okawaru
 71485 | Zot:5    | Killed a Killer Klown
 71493 | Zot:5    | Killed a Killer Klown
 71498 | Zot:5    | Killed a Killer Klown
 71504 | Zot:5    | Killed a Killer Klown
 71779 | Zot:5    | Noticed a Killer Klown
 71806 | Zot:5    | Killed a Killer Klown
 71841 | Zot:5    | Noticed a Killer Klown
 71854 | Zot:5    | Killed a Killer Klown
 71964 | Zot:5    | Got the Orb of Zot
 72177 | Depths:1 | Noticed Maalov the pandemonium lord
 72192 | Depths:1 | Killed Maalov the pandemonium lord
 72408 | D:7      | Gained mutation: You do not regenerate when monsters are
                  | visible. [a cacodemon]
 72409 | D:7      | Gained mutation: You sometimes lose the ability to read
                  | scrolls when taking damage. [a cacodemon]
 72551 | D:$      | Escaped with the Orb!

Illustrated notes

Levels and vault maps discovered:
D:1:      tarquinn_simple_flora_water_e, layout_basic,
          hellmonk_ecumenical_altar_slurped_away
D:2:      layout_basic
D:3:      layout_basic
D:4:      layout_basic
D:5:      layout_cave_pools
D:6:      layout_rooms, nicolae_ru_sacrificial_ziggurat, gup_sewer_entry_spiral
D:7:      minmay_bubble_buster, layout_layer_cave,
          minmay_temple_entry_sparse_star
D:8:      layout_gridville, nicolae_elyvilon_temple_path, dk_yredelemnul_ordeal,
          enter_bailey_2, minmay_chambers_of_fives, uniq_amaemon, uniq_pikel
D:9:      layout_long_grid, kennysheep_little_box, due_lair_maze_entry_diamond,
          serial_shops, nicolae_shop_crystal
D:10:     minmay_the_grid_triangle_9x9_rhombus_thin_mashed
          [minmay_the_grid_triangle_9x9_impossible_snake,
          minmay_the_grid_triangle_9x9_prize_center,
          minmay_the_grid_triangle_9x9_fully_insulated_deathbox,
          minmay_the_grid_triangle_9x9_longest], layout_loops_cross,
          lightli_wizard_tower
D:11:     layout_long_grid, zombieorc2_lemuel, uniq_erica, uniq_psyche,
          uniq_nergalle
D:12:     layout_basic, uniq_azrael
D:13:     layout_long_grid, ploomutoo_gammafunk_ghost_potion_laboratory
D:14:     layout_basic, hangedman_vaults_entry_quadrant_bands, vehumet_crystals
D:15:     grunt_enter_depths_snipers, layout_basic
Temple:   hc_temple_tempest_star
Lair:1:   dragon1_lemuel, layout_long_grid, nicolae_volcano_entry_two_sided,
          st_stairs_11
Lair:2:   layout_loops_ring, grunt_megastairs_4, lemuel_fruit_tree, uniq_sonja,
          uniq_maggie
Lair:3:   dreamdust_isle_of_ice, layout_cave_pods, minmay_swamp_entry_swarm,
          guppyfry_snake_entry_garden
Lair:4:   layout_regular_city
Lair:5:   gammafunk_lair_ancient_temple, layout_cave_pods,
          dpeg_slime_entry_corner
Swamp:1:  layout_basic_swamp, hangedman_swamp_blocks
Swamp:2:  layout_basic_swamp, evilmike_swamp_ruin_wall
Swamp:3:  layout_basic_swamp, nicolae_swamp_big_swirl
Swamp:4:  swamp, layout_basic_swamp, uniq_roxanne
Snake:1:  layout_honeycomb, uniq_kirke, uniq_aizul
Snake:2:  layout_layer_cave, basic_altar, ebering_ghost_rock_garden
Snake:3:  layout_layer_cave, serial_bayou_pond_d, grunt_megastairs_2
Snake:4:  grunt_snake_rune_serpentine_throne, layout_cave_town,
          nicolae_snake_linked_coils, grunt_ministairs_2
Orc:1:    layout_diamond_mine, basic_altar
Orc:2:    st_orc_town, layout_diamond_mine, gauntlet_entry_generic
Elf:1:    nicolae_elf_arrival_no_cutting_in_line, layout_geoelf_grid,
          minivault_28, grunt_ministairs_3, minivault_23, grunt_megastairs_1,
          lemuel_upstairs_altar
Elf:2:    nicolae_elf_blades_splatter_lattice [nicolae_blade_bullseye],
          layout_geoelf_grid, nicolae_elf_vaults_five_recruitment_drive,
          minmay_shop_grove
Elf:3:    minmay_elf_hall_dome, layout_loops_corners, gammafunk_ghost_split,
          nicolae_concentric_dashed_squares_wild, uniq_louise
Vaults:1: v_misc_9, vaults_mumra_hexcomb, nicolae_vaults_tetromino_Z_2,
          nicolae_vaults_little_ls, layout_vaults_omnigrid
Vaults:2: ontoclasm_vaults_misaligned, nicolae_vaults_puzzle_piece,
          nicolae_vaults_network_star, nicolae_vaults_doubleplus_tesselated,
          v_misc_9, v_pattern_3, nicolae_vaults_closet_pinwheel_2,
          nicolae_vaults_cochlea, ontoclasm_vaults_loading_screen,
          vaults_dpeg_hooks, nicolae_vaults_offset_grid_hallway_1,
          layout_vaults_maze, serial_shops, shop
Vaults:3: minmay_crypt_entry_necro_gods, nicolae_vaults_network_quincunx
          [nicolae_vaults_network_quincunx_subvault,
          nicolae_vaults_network_quincunx_subvault,
          nicolae_vaults_network_quincunx_subvault,
          nicolae_vaults_network_quincunx_subvault,
          nicolae_vaults_network_quincunx_subvault], nicolae_vaults_wine_cellar,
          nicolae_vaults_frosty_reception, ontoclasm_vaults_tryst,
          nicolae_vaults_mitosis, v_misc_33, nicolae_vaults_closet_pinwheel_2,
          nicolae_vaults_enemy_cabinets, vaults_mumra_chevron_long,
          layout_vaults_big_cross, serial_shops, bzr_firewalk, uniq_margery,
          uniq_xtahua
Vaults:4: nicolae_vaults_swerve, nicolae_vaults_meiosis, st_squares,
          hangedman_vaults_corner_blocks, vaults_standard_mumra_x,
          nicolae_vaults_what_the_h, vaults_room_large_hall, vaults_room_grid,
          v_misc_4, nicolae_vaults_tetromino_L_1, layout_vaults_ring,
          serial_shops, statue_bzr
Vaults:5
Depths:1: layout_big_octagon, hell_entry, chequers_serial_rivers_small_b,
          abyss_entry_crystal, tgw_sif
Depths:2: lemuel_vampire_tower, layout_gridlike, minmay_holes,
          rand_demon_pan_entry_1, hell_entry, uniq_asterion
Depths:3: kennysheep_water_balloons, layout_cave_pools, hell_entry, zin_angel,
          abyss_entry_glasseish, hellmonk_bongcloud_opening,
          infiniplex_staircase_spiral_double
Depths:4: evilmike_zot_entry_argh, layout_cave_pools, enter_ziggurat_d,
          patterned_corridor, hangedman_coc_ice_floe, serial_shops,
          nicolae_shop_just_a_little_nook, abyss_entry, rand_demon_pan_entry_3,
          lightli_fourway_metalbox
Zot:1:    nicolae_zot_stationary_front, layout_gridlike
Zot:2:    layout_misc_corridors
Zot:3:    layout_onion_interference
Zot:4:    layout_cathedral_of_symmetry, st_small_dragon_hoard_1,
          bh_zot_lava_cross, grunt_ministairs_6, st_single_dragon_hoard_3,
          lemuel_flame_loot_1
Zot:5:    layout_misc_corridors

Skill      XL: |  1  2  3  4  5  6  7  8  9 10 11 12 13 14 15 16 17 18 19 20 21 22 23 24 25 26 27 |
---------------+----------------------------------------------------------------------------------+-----
Axes           | 3 4 5 6 8 10 11 12 13 14 15 16 17 18 20 21 22 | 22.8
Fighting       | 4 7 9 10 12 13 14 15 17 18 19 20 | 20.6
Armour         | 6 8 9 10 11 12 13 14 15 16 17 20 | 20.6
Invocations    | 4 7 9 10 12 13 14 15 | 15.0
Dodging        | 3 4 6 7 8 9 10 11 12 | 12.0
Throwing       | 1 4 5 6 10 11 12 15 18 20 | 20.0
Staves         | 1 |  1.2
Shields        | 7 11 12 14 15 20 21 22 23 | 23.8

Action                     |  1- 3 |  4- 6 |  7- 9 | 10-12 | 13-15 | 16-18 | 19-21 | 22-24 | 25-27 || total
---------------------------+-------+-------+-------+-------+-------+-------+-------+-------+-------++-------
  Melee: War axe           |    74 |   140 |   398 |   442 |       |       |       |       |       ||  1054
         Executioner's axe |       |       |     8 |    49 |  1032 |       |   481 |       |       ||  1570
         Broad axe         |       |       |       |   126 |    55 |   785 |   562 |   960 |   972 ||  3460
         Demon whip        |       |       |       |       |    50 |    17 |     6 |       |       ||    73
  Throw: Boomerang         |       |       |       |       |    17 |     4 |     3 |     2 |    78 ||   104
         Dart              |       |       |       |       |    11 |     3 |       |       |       ||    14
         Javelin           |       |       |       |       |       |       |     2 |    10 |    10 ||    22
 Invoke: Heroism           |       |       |       |     6 |     5 |       |       |       |       ||    11
         Finesse           |       |       |       |     1 |     4 |     5 |       |    11 |     5 ||    26
         Duel              |       |       |       |       |       |       |     1 |       |       ||     1
Ability: Dig               |       |       |       |     1 |     1 |       |       |     1 |       ||     3
  Evoke: Wand              |       |       |     1 |     7 |     7 |       |     2 |     2 |       ||    19
    Use: Scroll            |       |       |    12 |    10 |     9 |     2 |    15 |     1 |    11 ||    60
         Potion            |       |       |       |     3 |       |       |     6 |     3 |     2 ||    14
 Armour: Scale mail        |    29 |       |       |       |       |       |       |       |       ||    29
         Chain mail        |    14 |    76 |   148 |   159 |   286 |       |       |       |       ||   683
         Plate armour      |       |       |       |    58 |    84 |       |   129 |    18 |       ||   289
         Leather armour    |       |       |       |     1 |       |       |       |       |       ||     1
         Storm dragon scal |       |       |       |       |   193 |   351 |   257 |   111 |    72 ||   984
         Gold dragon scale |       |       |       |       |       |       |       |       |   232 ||   232
  Dodge: Dodged            |    36 |    59 |   125 |   169 |   426 |   377 |   499 |   220 |   276 ||  2187
  Block: Buckler           |    23 |    42 |   193 |   277 |   666 |       |       |       |       ||  1201
         Reflection        |       |       |     3 |     1 |    16 |   114 |    68 |    64 |    44 ||   310
         Kite shield       |       |       |       |       |    70 |   823 |   854 |       |       ||  1747
         Tower shield      |       |       |       |       |       |       |   147 |  1102 |  1469 ||  2718
